 Dungeon Crawl Stone Soup version 0.24-a0-524-gf43b32f898 (webtiles) character file.

Game seed: 4899651410778957903

31 Destapler the Conjurer (level 3, -17/28 HPs)
             Began as a Draconian Conjurer on July 31, 2019.
             Killed from afar by a giant cockroach (40 damage)
             ... with an exploding inner flame
             ... hexed by the player character
             ... on level 2 of the Dungeon.
             The game lasted 00:07:36 (1102 turns).

Destapler the Conjurer (Draconian Conjurer)         Turns: 1102, Time: 00:07:36

Health: -17/28     AC:  5    Str: 10    XL:     3   Next: 7%
Magic:  6/6        EV: 12    Int: 16    God:
Gold:   53         SH:  0    Dex: 13    Spells: 5/6 levels left

rFire    . . .     SeeInvis .   h - +1 mace
rCold    . . .     Gourm    .   (no shield)
rNeg     . . .     Faith    .   (armour unavailable)
rPois    .         Spirit   .   (helmet restricted)
rElec    .         Reflect  .   (no cloak)
rCorr    .         Harm     .   (no gloves)
MR       .....                  (no boots)
Stlth    ++........             (no amulet)
HPRegen  0.09/turn              k - +2 ring of dexterity
MPRegen  0.10/turn              (no ring)

@: very slightly contaminated
A: unfitting armour, cold-blooded, AC +5
a: no special abilities


You were on level 2 of the Dungeon.
You were not hungry.

You visited 1 branch of the dungeon, and saw 2 of its levels.

You collected 53 gold pieces.

Inventory:

Hand Weapons
 h - a +1 mace (weapon)
Missiles
 l - 7 stones (quivered)
Jewellery
 k - a +2 ring of dexterity (left hand)
Scrolls
 d - 2 scrolls of identify
 e - a scroll of teleportation
 g - 2 scrolls of fog
 j - a scroll of enchant armour
Comestibles
 b - 2 rations


   Skills:
 + Level 1.1 Fighting
 - Level 2.0 Dodging
 + Level 2.1 Stealth
 + Level 2.3 Spellcasting
 + Level 4.3 Conjurations


You had 5 spell levels left.
You knew the following spells:

 Your Spells              Type           Power        Failure   Level  Hunger
a - Magic Dart            Conj           ###.         3%          1    #......

Your spell library contained the following spells:

 Spells                   Type           Power        Failure   Level  Hunger
 Searing Ray              Conj           ###...       4%          2    ###....
 Dazzling Spray           Conj/Hex       #.....       24%         3    ###....
 Iskenderun's Mystic Bla  Conj           ###.....     32%         4    #####..
 Force Lance              Conj/Tloc      #.......     63%         4    #####..
 Fulminant Prism          Conj/Hex       #.........   63%         4    #####..


Dungeon Overview and Level Annotations

Branches:
Dungeon (2/15)

Altars:


Innate Abilities, Weirdness & Mutations

Your plain brown scales are hard. (AC +5)
You cannot fit into any form of body armour.
You are cold-blooded and may be slowed by cold attacks.


Message History

You feel as if something is helping you.
It was a scroll of remove curse.
The giant cockroach barely misses you.
As you read the scroll labeled CUNIETSOYCA, it crumbles to dust.
It is a scroll of enchant armour.
You aren't carrying any armour which can be enchanted further.
The giant cockroach barely misses you.
Drop what? 9/52 slots (_ for help) (? for menu, Esc to quit)
You are now empty-handed.
You drop a -3 hunting sling.
The giant cockroach misses you.
Wield which item (- for none, * to show all)? (? for menu, Esc to quit)
h - a +1 mace (weapon)
The giant cockroach bites you but does no damage.
You hit the giant cockroach.
The giant cockroach is severely wounded.
The giant cockroach closely misses you.
You hit the giant cockroach.
The giant cockroach explodes!
The fiery explosion engulfs you!!!
Ouch! That really hurt!
You die...

#...(# .#
#....# .#
#....##.#
#.......#
#.......#
#§§§....#
#§§§....#
#@§§....#
#§§§....#
#§§§.#.##
#<.......#
####.#.###
....#
.#....
..#####.


There were no monsters in sight!

Vanquished Creatures
  A giant cockroach (D:1)
  3 goblins (D:1)
  4 hobgoblins (D:1)
  9 jackals (D:1)
  3 bats (D:1)
  3 frilled lizards (D:1)
  2 kobolds (D:1)
  3 rats (D:1)
28 creatures vanquished.

Notes
Turn   | Place    | Note
-------+----------+-------------------------------------------
     0 | D:1      | Destapler the Draconian Conjurer began the quest for the
                  | Orb.
     0 | D:1      | Reached XP level 1. HP: 14/14 MP: 3/3
    82 | D:1      | Reached XP level 2. HP: 13/22 MP: 5/5
   600 | D:1      | Reached skill level 1 in Fighting
   727 | D:1      | Reached XP level 3. HP: 28/28 MP: 6/6
  1102 | D:2      | Killed from afar by a giant cockroach

Levels and vault maps discovered:
D:1:      matt_arrival_grand_opening, layout_loops_ring
D:2:      layout_basic, nicolae_overflow_crystal_walls,
          chequers_ecumenical_altar_island, uniq_crazy_yiuf_cottage,
          uniq_natasha

Skill      XL: |  1  2 |
---------------+-------+-----
Stealth        | 2 |  2.1
Dodging        | 2 |  2.0
Fighting       | 1 |  1.1
Spellcasting   | |  2.3
Conjurations   | |  4.3

Action                   || total
-------------------------++-------
Melee: Club              ||    37
       Tailslap          ||     6
       Unarmed           ||     3
       Mace              ||    31
       Hunting sling     ||     8
 Fire: Hunting sling     ||     4
 Cast: Magic Dart        ||    27
  Use: Scroll            ||     7
 Stab: Sleeping          ||     1
  Eat: Chunk             ||     1
Armor: Skin              ||    37
Dodge: Dodged            ||    89

Table legend:
 A = Non-vault XP
 B = Vault XP
 C = Vault XP percentage of total XP
 D = Non-vault monster count
 E = Vault monster count
 F = Vault count percentage of total count
                 A         B        C        D         E       F
            +---------+---------+-------+---------+---------+-------
      Total |      45 |       0 |   0.0 |      28 |       0 |   0.0
            +---------+---------+-------+---------+---------+-------
        D:1 |      45 |       0 |   0.0 |      28 |       0 |   0.0
            +---------+---------+-------+---------+---------+-------
